 Dungeon Crawl Stone Soup version 0.20-a0-465-g6513c8f (webtiles) character file.

58 Amnesiac the Vexing (level 3, 0/24 HPs)
             Began as a Mummy Enchanter on Jan 12, 2017.
             Slain by a goblin (2 damage)
             ... led by Robin
             ... on level 2 of the Dungeon.
             The game lasted 00:03:18 (1928 turns).

Amnesiac the Vexing (Mummy Enchanter)               Turns: 1928, Time: 00:03:19

Health: 0/24       AC:  3    Str: 11    XL:     3   Next: 75%
Magic:  1/8        EV: 12    Int: 15    God:
Gold:   67         SH:  0    Dex: 12    Spells: 2/9 levels left

rFire  x . .     SeeInvis .     a - +1 dagger
rCold  + . .     Gourm    .     b - +0 robe
rNeg   + + +     Faith    .     (no shield)
rPois  ∞         Spirit   .     (no helmet)
rElec  .         Reflect  .     (no cloak)
rCorr  .         Harm     .     (no gloves)
MR     .....                    d - +0 pair of boots
Stlth  ++........               (no amulet)
                                (no ring)
                                (no ring)

@: about to teleport
A: no food or potions, fire vulnerability, cold resistance 1, negative energy
resistance 3, torment resistance, unbreathing
a: no special abilities


You were on level 2 of the Dungeon.
You were not hungry.

You visited 1 branch of the dungeon, and saw 2 of its levels.

You collected 67 gold pieces.

Inventory:

Hand Weapons
 a - a +1 dagger (weapon)
Missiles
 f - 2 curare-tipped needles
Armour
 b - a +0 robe (worn)
 d - a +0 pair of boots (worn)
 e - a +0 ring mail
Jewellery
 g - an uncursed ring of see invisible {unknown}
Books
 c - a book of Maledictions

   Spells                             Type                      Level
   a - Corona                         Hexes                        1
   b - Ensorcelled Hibernation        Hexes/Ice                    2
   c - Confuse                        Hexes                        3
   d - Tukima's Dance                 Hexes                        3
   e - Dazzling Spray                 Conjuration/Hexes            3


   Skills:
 - Level 0.7 Short Blades
 - Level 1.5 Dodging
 - Level 2.4 Stealth
 + Level 3.6 Spellcasting
 * Level 3.8 Hexes


You had 2 spell levels left.
You knew the following spells:

 Your Spells              Type           Power        Failure   Level  Hunger
e - Confuse               Hex            ##......     14%         3    N/A
f - Corona                Hex            ##.....      4%          1    N/A
w - Tukima's Dance        Hex            ##......     14%         3    N/A

Dungeon Overview and Level Annotations

Branches:
Dungeon (2/15)

Altars:
Yredelemnul

Annotations:
D:2 1 runed door, Robin


Innate Abilities, Weirdness & Mutations

You do not eat or drink.
Your flesh is vulnerable to fire.
You are immune to poison.
Your flesh is cold resistant. (rC+)
You are immune to negative energy. (rN+++)
You are immune to unholy pain and torment.
You can survive without breathing.


Message History

Robin roars a battlecry!
The goblin goes into a battle-frenzy!
The goblin barely misses you. The jackal barely misses you.
Casting: Confuse
Confirm with . or Enter, or press ? or * to list all spells.
Aiming: Confuse
Press: ? - help, Shift-Dir - straight line, f - goblin
Aim: a goblin (unusually strong, chance to defeat MR: 62%)
The goblin appears confused.
The jackal closely misses you.
The jackal bites you but does no damage.
You barely miss the goblin.
The goblin no longer looks unusually strong.
Robin throws the goblin at you!
* * * LOW HITPOINT WARNING * * *
The goblin closely misses you. The jackal barely misses you.
As you read the scroll of teleportation, it crumbles to dust.
You feel strangely unstable. The jackal bites you.
* * * LOW HITPOINT WARNING * * *
The goblin hits you.
You die...

#..##.############ ###
#..##......## #######
#...).......# #.....#
#.<#######..# #.###.# #..#
#..####.# #.# #..# #.......#
#.# #..# ##.###### #.#
#..###### #.# #.# #....g@g# #.#
#.# #.)####h###.# #.#
#..####g#.#.# #.#
#########......r....# #.#
#.......w.......#.#.########.##
#.#######.####r#gg..>.........†
#...........########...
#######.#.### #### #g#.#


You could see a jackal, 2 hobgoblins, 3 goblins and a rat.

Vanquished Creatures
  An ooze (D:1)
  A dart slug (D:2)
  3 leopard geckos
  A ball python (D:2)
  2 giant cockroaches (D:1)
  11 goblins
  5 hobgoblins
  3 jackals (D:1)
  6 kobolds
  2 bats (D:1)
  2 frilled lizards (D:1)
  5 rats
42 creatures vanquished.

Notes
Turn   | Place    | Note
-------+----------+-------------------------------------------
     0 | D:1      | Amnesiac the Mummy Enchanter began the quest for the Orb.
     0 | D:1      | Reached XP level 1. HP: 13/13 MP: 4/4
   354 | D:1      | Reached XP level 2. HP: 7/19 MP: 3/6
   905 | D:1      | Reached XP level 3. HP: 8/24 MP: 3/7
  1156 | D:1      | Learned a level 3 spell: Confuse
  1160 | D:1      | Learned a level 3 spell: Tukima's Dance
  1668 | D:2      | Found a runed door.
  1754 | D:2      | Found a basalt altar of Yredelemnul.
  1896 | D:2      | Noticed Robin
  1928 | D:2      | Slain by a goblin

Vault maps used:
D:1:      sevenhm_arrival_forest_fort_large_4
D:2:      yredelemnul_altar_generic, uniq_crazy_yiuf_cottage, uniq_robin

Skill      XL: |  1 |
---------------+----+-----
Hexes          | 3 |  3.8
Spellcasting   | 3 |  3.6
Short Blades   | |  0.7
Dodging        | |  1.5
Stealth        | |  2.4

Action                   || total
-------------------------++-------
Melee: Dagger            ||   116
 Cast: Corona            ||    30
       Confuse           ||     4
  Use: Scroll            ||     2
 Stab: Sleeping          ||     9
       Confused          ||     1
Armor: Robe              ||    23
Dodge: Dodged            ||    92
